 Dungeon Crawl Stone Soup version 0.32-a0-12-g7fc57aa741 (webtiles) character file.

Game seed: 16188280747009915650

135135 LustLizard the Eclecticist (level 16, -14/99 HPs)
             Began as a Deep Elf Air Elementalist on Jan 14, 2024.
             Was the Champion of Vehumet.
             Killed from afar by a will-o-the-wisp (25 damage)
             ... with a foxfire
             ... on level 4 of the Swamp.
             The game lasted 01:20:24 (34962 turns).

LustLizard the Eclecticist (DEAE)                  Turns: 34962, Time: 01:20:25

Health: -14/99     AC: 12    Str:  7    XL:     16   Next: 63%
Magic:  47/47      EV: 22    Int: 30    God:    Vehumet [******]
Gold:   2152       SH:  0    Dex: 17    Spells: 4/47 levels left

rFire   . . .        c - staff of air
rCold   . . .        (no shield)
rNeg    . . .        O - +2 troll leather armour
rPois   .            (no helmet)
rElec   +            I - +2 cloak {rCorr}
rCorr   +            w - +1 pair of gloves
SInv    .            Q - +0 pair of boots
Will    +....        Y - amulet of the Rose {+Blink Regen+ Int+5 Stlth-}
Stlth   ++           K - ring of magical power
HPRegen 1.96/turn    h - +5 ring of evasion
MPRegen 0.30/turn

%: no passive effects
@: slowed, very slow
A: no striking features
a: Renounce Religion, Evoke Blink


You were on level 4 of the Swamp.
You worshipped Vehumet.
Vehumet was exalted by your worship.
You visited 5 branches of the dungeon, and saw 26 of its levels.
You also visited: Ossuary and Bailey.

You collected 2796 gold pieces.
You spent 644 gold pieces at shops.

Inventory:

Armour
 e - the +5 chain mail of Xeimp {Int+9}
   (You found it on level 13 of the Dungeon)

   Int+9:     It affects your intelligence (+9).
 w - a +1 pair of gloves (worn)
 F - a +3 leather armour of fire resistance
 I - a +2 cloak of preservation (worn)
 O - a +2 troll leather armour (worn)
 Q - a +0 pair of boots (worn)
 T - a +2 robe of resistance
Magical Staves
 c - a staff of air (weapon)
Jewellery
 h - a +5 ring of evasion (right hand)
 u - a ring of magical power
 D - a ring of protection from cold
 J - a +6 ring of dexterity
 K - a ring of magical power (left hand)
 R - a ring of flight
 S - an amulet of magic regeneration
 W - a ring of fire
 Y - the amulet of the Rose (around neck) {+Blink Regen+ Int+5 Stlth-}
   (You acquired it on level 1 of the Swamp)

   [amulet of regeneration]

   Int+5:     It affects your intelligence (+5).
   +Blink:    It lets you blink.
   Regen+:    It increases your rate of health regeneration.
   Stlth-:    It makes you less stealthy.
 Z - a ring of positive energy
Wands
 b - a wand of paralysis (14)
 o - a wand of flame (7)
 y - a wand of mindburst (28)
 M - a wand of digging (14)
 V - a wand of light (9)
 X - a wand of roots (23)
Scrolls
 g - 3 scrolls of poison
 i - 3 scrolls of amnesia
 j - 6 scrolls of enchant weapon
 k - 2 scrolls of revelation
 l - 2 scrolls of butterflies
 m - 5 scrolls of immolation
 n - a scroll of enchant armour
 v - 5 scrolls of torment
 x - 4 scrolls of fog
 A - 2 scrolls of fear
 B - a scroll of brand weapon
 E - 5 scrolls of teleportation
 G - 2 scrolls of silence
 P - 2 scrolls of blinking
Potions
 a - 2 potions of haste
 d - 6 potions of enlightenment
 f - 15 potions of curing
 p - a potion of resistance
 t - 3 potions of cancellation
 z - a potion of heal wounds
 C - 3 potions of mutation
 H - a potion of might
 L - 2 potions of attraction
 N - 3 potions of brilliance
Miscellaneous
 q - a lightning rod (4/4)
 r - a box of beasts
 U - a phantom mirror


   Skills:
 + Level 10.7 Fighting
 + Level 6.5 Armour
 + Level 10.6 Dodging
 - Level 5.0 Stealth
 + Level 16.2 Spellcasting
 - Level 6.0 Conjurations
 - Level 7.0 Necromancy
 * Level 15.4 Fire Magic
 - Level 14.0 Air Magic
 - Level 8.7 Evocations


You had 4 spell levels left.
You knew the following spells:

 Your Spells              Type           Power      Damage    Failure   Level
a - Shock                 Conj/Air       100%       1d9       1%          1
b - Static Discharge      Conj/Air       100%       3-8/arc   1%          2
c - Swiftness             Air            100%       N/A       1%          3
d - Airstrike             Air            52%        2d(8-24)  1%          4
e - Ignite Poison         Fire/Alch      63%        N/A       1%          4
f - Mercury Vapours       Alch/Air       100%       N/A       1%          2
g - Arcjolt               Conj/Air       45%        1d55      1%          5
h - Plasma Beam           Fire/Air       53%        2x1d68    1%          6
i - Flame Wave            Conj/Fire      73%        2d16      1%          4
j - Cigotuvi's Dreadful   Necr/Alch/Air  100%       N/A       1%          2
k - Blink                 Tloc           48%        N/A       4%          2
l - Ignition              Fire           43%        3d13      9%          8

Your spell library contained the following spells:

 Spells                   Type           Power      Damage    Failure   Level
 Orb of Destruction       Conj           28%        9d9       41%         7
 Foxfire                  Conj/Fire      100%       2x1d9     1%          1
 Freeze                   Ice            96%        1d10      1%          1
 Magic Dart               Conj           100%       1d8       1%          1
 Sandblast                Erth           48%        2d12      1%          1
 Searing Ray              Conj           100%       2d8       1%          2
 Fugue of the Fallen      Necr           60%        N/A       1%          3
 Hailstorm                Conj/Ice       42%        3d9       1%          3
 Stone Arrow              Conj/Erth      84%        3d12      1%          3
 Vampiric Draining        Necr           60%        2d10      1%          3
 Sticky Flame             Fire/Alch      63%        2d11      1%          4
 Vhi's Electric Charge    Tloc/Air       100%       N/A       1%          4
 Slow                     Hex            96%        N/A       2%          1
 Frozen Ramparts          Ice            48%        1d8       2%          3
 Brom's Barrelling Bould  Conj/Erth      42%        2d6       2%          4
 Fulminant Prism          Conj/Alch      21%        3d12      2%          4
 Iskenderun's Mystic Bla  Conj/Tloc      42%        2d10      2%          4
 Call Imp                 Summ           48%        N/A       4%          2
 Ensorcelled Hibernation  Hex/Ice        48%        N/A       4%          2
 Anguish                  Hex/Necr       22%        N/A       6%          4
 Confusing Touch          Hex            24%        N/A       8%          3
 Passwall                 Erth           24%        N/A       8%          3
 Sigil of Binding         Hex            24%        N/A       8%          3
 Summon Ice Beast         Ice/Summ       24%        N/A       8%          3
 Tukima's Dance           Hex            24%        N/A       8%          3
 Cause Fear               Hex            12%        N/A       26%         4
 Dimensional Bullseye     Hex/Tloc       12%        N/A       26%         4
 Fireball                 Conj/Fire      36%        3d15      1%          5
 Freezing Cloud           Conj/Ice/Air   38%        6-21      1%          5
 Starburst                Conj/Fire      36%        6d11      1%          6
 Sculpt Simulacrum        Ice/Alch       12%        N/A       99%         6
 Dragon's Call            Summ           12%        N/A       100%        9


Dungeon Overview and Level Annotations

Branches:
Dungeon (14/15)            Temple (1/1) D:7            Lair (5/5) D:11
  Swamp (4/4) Lair:2       Spider (0/4) Lair:2        Slime (0/5) Lair:5
    Orc (2/2) D:11            Elf (0/3) Orc:2        Vaults (0/5) D:14
Ossuary (visited)          Bailey (visited)

Altars:
Ashenzari
Cheibriados
Dithmenos
Elyvilon
Fedhas
Gozag
Hepliaklqana
Kikubaaqudgha
Makhleb
Nemelex Xobeh
Okawaru
Qazlal
Ru
Sif Muna
Trog
Uskayaw
Vehumet
Wu Jian
Xom
Yredelemnul
Zin
The Shining One
Jiyva

Shops:
D:1 :=   D:9 =*   D:10 :   Orc:2 ?(:(

Annotations:
D:2 1 runed translucent door, Crazy Yiuf
D:14 2 runed translucent doors, exclusion: orange crystal statue


Message History

The will-o-the-wisp gestures.
The will-o-the-wisp conjures some marshlight!
The spriggan rider misses you.
The swamp worm zombie bites you but does no damage.
The swamp worm fires a harpoon shot at you.
The harpoon shot misses you. 2 foxfires come into view.
The bunyip howls a warning cry!
The foxfire dissipates! x2
The spriggan rider barely misses you.
The swamp worm zombie attacks as it pursues you!
The swamp worm zombie completely misses you.
The alligator tail-slaps you but does no damage.
The alligator bites you. The alligator drags you backwards!
Splash!
The bog body attacks as it pursues you!
The bog body touches you but does no damage.
The spriggan rider misses you.
The swamp worm zombie bites you but does no damage.
The alligator completely misses you. The alligator bites you!
You hear a shout!
The spriggan rider barely misses you.
The will-o-the-wisp gestures.
The will-o-the-wisp conjures some marshlight!
The swamp worm zombie attacks as it pursues you!
The swamp worm zombie bites you. The alligator tail-slaps you.
The alligator closely misses you.
The spriggan rider hits you with a +0 spear.
The will-o-the-wisp gestures.
The will-o-the-wisp conjures some marshlight!
The swamp worm zombie bites you but does no damage.
The alligator misses you. The alligator bites you!! The bunyip claws you!!
The bunyip completely misses you. The bunyip barely misses you.
The spriggan rider hits you with a +0 spear!!
* * * LOW HITPOINT WARNING * * *
4 foxfires come into view.
There is a stone staircase leading up, spattered with blood here.
You feel ready to blink again. The foxfire hits you!!
You die...

.~~~.♣♣♣♣♣~♣♣
~~.......~~.♣♣#≈~~≈
~~~~~...~~~...~§.♣≈≈≈≈
..~~~..~~~~~<~§§~♣≈≈.
♣.~...~~~~.........
♣♣..~~~.~~~.~......♣
♣~..~~~..~~~~..§..♣♣
♣♣$......~~~~§§xv♣♣
♣~...~~~.~~§§vni@♣♣♣♣♣~.
~~~~..~<.~~§§vvlw...~...
.♣~~~(§.~~~§§vDZ~~~§~~~~
~~~<.~~.~~~~~~Z~D§~~~~~.
...~~~..~~~~~~~§~~~~~~.♣
~.$♣♣♣..~~§~~~~.~..~~~.♣
♣~ ♣~...~~..~~÷.~♣~~.~~
♣ ♣♣♣♣♣.~~~~~..♣♣♣~♣♣♣
♣~~~~.....~ ~♣


You could see a bunyip, 2 swamp dragons, an alligator, a spriggan rider, a
will-o-the-wisp, a bog body, a swamp worm and 2 swamp worm zombies.

Vanquished Creatures
  Nikola (Swamp:2)
  Rupert (D:13)
  A fenstrider witch (Swamp:2)
  Louise (Swamp:2)
  An orc warlord (Orc:2)
  3 eleionomae
  4 bunyips
  Snorg (D:10)
  Harold (D:10)
  4 vault guards (D:14)
  2 entropy weavers (shapeshifter)
  2 catoblepae
  A ghost crab (Swamp:3)
  11 hydras
  7 alligators
  3 centaur warriors
  3 two-headed ogres
  3 boulder beetles
  A death yak (Lair:2)
  4 orc high priests (Orc:2)
  2 tengu warriors (D:13)
  Urug (D:13)
  12 spriggans
  Amaemon (D:8)
  A sixfirhy (D:10)
  The ghost of Sundig the Shield-Bearer, a novice FoFi of Gozag (D:6)
  5 skysharks
  6 goliath frogs
  5 spriggan druids
  8 bog bodies
  A swamp dragon (Swamp:3)
  6 orc knights
  A deep elf pyromancer (D:13)
  Pikel (D:6)
  6 ugly things
  5 orc sorcerers (Orc:2)
  21 elephants
  8 cyclopes
  A manticore (D:14)
  A rust devil (D:9)
  4 kobold blastminers (Orc:2)
  A gargoyle (D:11)
  8 black mambas
  An orange demon (D:8)
  2 torpor snails
  Jeremiah (D:7)
  A cane toad (shapeshifter) (D:13)
  26 cane toads
  A rime drake (Lair:1)
  9 komodo dragons
  3 efreet
  4 swamp worm zombies (Swamp:4)
  2 ice devils (D:10)
  A red devil (D:10)
  A polar bear (shapeshifter) (D:13)
  The ghost of anacleto the Changeling, an amateur TrSh (D:4)
  5 trolls
  A polar bear (Lair:2)
  Grinder (D:4)
  A bloated husk (Swamp:1)
  9 hornets
  6 tyrant leeches
  2 tarantellas (Lair:2)
  13 dream sheep
  17 blink frogs
  24 slime creatures
  Prince Ribbit (D:8)
  2 ynoxinuls
  A vampire (D:10)
  2 shadows
  2 wraiths
  43 yaks
  5 wyverns
  A neqoxec (D:10)
  5 wargs
  4 basilisks
  29 vampire mosquitoes
  A steam dragon (D:8)
  2 chaos spawn (D:10)
  8 swamp worms
  Edmund (D:4)
  Duvessa (D:4)
  3 acid dragons
  14 water moccasins
  3 black bears
  3 ice beasts
  56 orc warriors
  2 sky beasts
  11 ogres
  5 centaurs
  A lemure (D:6)
  A phantom (D:4)
  10 kobold brigands
  13 bullfrogs
  2 gnoll sergeants
  5 scorpions
  5 wights (D:8)
  A burial acolyte (D:12)
  Dowan (D:4)
  4 killer bees (D:7)
  3 electric eels (Lair:2)
  6 howler monkeys
  2 centaur zombies (Ossuary)
  5 quasits
  4 jellies
  6 bombardier beetles
  4 hounds
  35 orc priests
  A gnoll bouda (D:6)
  2 iguanas
  16 orc wizards
  2 hell rats (Lair:5)
  4 crocodile zombies (Ossuary)
  2 mummies (Ossuary)
  21 gnolls
  9 adders
  11 river rats (Lair:5)
  2 white imps
  A howler monkey simulacrum (D:4)
  2 ufetubi (D:5)
  An adder zombie (D:12)
  2 ribbon worms (D:2)
  2 dart slugs
  4 adder simulacra (D:4)
  106 orcs
  6 endoplasms
  2 giant cockroaches (D:1)
  3 gnoll zombies (Ossuary)
  10 goblins
  7 hobgoblins
  11 jackals
  21 kobolds
  3 quokkas
  6 ball pythons
  5 bats
  6 frilled lizards
  A jackal zombie (D:12)
  A kobold zombie (Ossuary)
  7 rats
883 creatures vanquished.

Vanquished Creatures (others)
  11 foxfires (Swamp:4)
11 creatures vanquished.

Grand Total: 894 creatures vanquished

Notes
Turn   | Place    | Note
-------+----------+-------------------------------------------
     0 | D:1      | LustLizard the Deep Elf Air Elementalist began the quest
                  | for the Orb.
     0 | D:1      | Reached XP level 1. HP: 10/10 MP: 6/6
   137 | D:1      | Found Xolozuwo's One-of-a-Kind Rings.
   217 | D:1      | Reached XP level 2. HP: 16/16 MP: 5/8
   220 | D:1      | Learned a level 2 spell: Static Discharge
   398 | D:1      | Found Cohawihy's Book Shoppe.
  1012 | D:2      | Reached skill level 1 in Fighting
  1012 | D:2      | Reached XP level 3. HP: 19/20 MP: 1/10
  1452 | D:2      | Reached XP level 4. HP: 25/25 MP: 6/11
  1818 | D:2      | Found a runed translucent door.
  1819 | D:2      | Noticed Crazy Yiuf
  2252 | D:2      | Reached skill level 4 in Spellcasting
  2560 | D:3      | Reached XP level 5. HP: 22/29 MP: 1/13
  3101 | D:3      | Reached XP level 6. HP: 24/35 MP: 1/14
  3247 | D:3      | Found a faded altar of an unknown god.
  3572 | D:3      | Learned a level 3 spell: Swiftness
  3577 | D:3      | Learned a level 4 spell: Airstrike
  3655 | D:4      | Reached skill level 5 in Air Magic
  3735 | D:4      | Found a sacrificial altar of Ru.
  3736 | D:4      | Found a burning altar of Makhleb.
  3736 | D:4      | Found a stormy altar of Qazlal.
  3737 | D:4      | Found a broken altar of Ashenzari.
  3738 | D:4      | Found a shimmering altar of Xom.
  3738 | D:4      | Found a snail-covered altar of Cheibriados.
  3739 | D:4      | Found an iron altar of Okawaru.
  3740 | D:4      | Found a hide-covered altar of Uskayaw.
  3740 | D:4      | Found a shadowy altar of Dithmenos.
  3741 | D:4      | Found an opulent altar of Gozag.
  3745 | D:4      | Identified the +1 whip of Maoklo {venom, Dex+2 Stlth+}
  3852 | D:4      | Found a sand-covered staircase.
  3858 | Ossuary  | Entered an ossuary
  4120 | Ossuary  | Reached skill level 5 in Spellcasting
  4235 | Ossuary  | Reached XP level 7. HP: 40/40 MP: 9/16
  4365 | D:4      | Reached skill level 5 in Stealth
  4517 | D:4      | Noticed Edmund
  4526 | D:4      | Killed Edmund
  4801 | D:4      | Noticed Duvessa
  4867 | D:4      | Found a runed translucent gate.
  4868 | D:4      | Found a runed translucent gate.
  4986 | D:4      | Found a runed translucent gate.
  5008 | D:4      | Reached skill level 6 in Spellcasting
  5245 | D:4      | Noticed anacleto's ghost (amateur TrSh)
  5415 | D:4      | Noticed Grinder
  5417 | D:4      | Killed Grinder
  5418 | D:4      | Reached XP level 8. HP: 46/46 MP: 19/19
  5441 | D:4      | Noticed Dowan
  5493 | D:4      | Killed Duvessa
  5495 | D:4      | Killed Dowan
  5918 | D:5      | Entered Level 5 of the Dungeon
  5965 | D:5      | Reached skill level 7 in Spellcasting
  6957 | D:5      | Found a glowing golden altar of the Shining One.
  7513 | D:6      | Reached XP level 9. HP: 52/52 MP: 22/22
  7557 | D:6      | Reached skill level 8 in Spellcasting
  7627 | D:6      | Noticed Pikel
  7630 | D:6      | Killed Pikel
  7807 | D:6      | Found a large runed translucent door.
  7807 | D:6      | Found a large runed translucent door.
  7813 | D:6      | Noticed Sundig's ghost (novice FoFi)
  7974 | D:6      | Found an ornate altar of the Wu Jian Council.
  8180 | D:7      | Reached skill level 5 in Fighting
  8189 | D:7      | Noticed Jeremiah
  8416 | D:7      | Found a flagged portal.
  8432 | Bailey   | Entered a bailey
  8477 | Bailey   | Reached skill level 9 in Spellcasting
  8653 | Bailey   | Noticed an orc knight
  8676 | Bailey   | Reached skill level 10 in Air Magic
  8691 | Bailey   | Killed an orc knight
  8730 | Bailey   | Reached XP level 10. HP: 48/60 MP: 10/25
  8960 | Bailey   | Found a bloodstained altar of Trog.
  8968 | Bailey   | Identified the +4 short sword of the Imbibing Gods {holy,
                  | Dex+2}
  9125 | D:7      | Found a staircase to the Ecumenical Temple.
  9306 | Temple   | Entered the Ecumenical Temple
  9311 | Temple   | Became a worshipper of Vehumet
  9595 | D:8      | Reached skill level 10 in Spellcasting
  9596 | D:8      | Reached skill level 1 in Armour
  9633 | D:8      | Noticed Prince Ribbit
  9637 | D:8      | Killed Prince Ribbit
  9916 | D:8      | Reached * piety under Vehumet
  9916 | D:8      | Offered knowledge of Sandblast by Vehumet.
  9923 | D:8      | Learned a level 4 spell: Ignite Poison
 10003 | D:8      | Reached skill level 1 in Fire Magic
 10340 | D:8      | Noticed Amaemon
 10340 | D:8      | Noticed an orange demon
 10822 | D:9      | Found Zin's Purification Station.
 11041 | D:9      | Reached ** piety under Vehumet
 11046 | D:9      | Offered knowledge of Mercury Vapours by Vehumet.
 11060 | D:9      | Learned a level 2 spell: Mercury Vapours
 11135 | D:9      | Found a glowing silver altar of Zin.
 11363 | D:9      | Found Hadoral's Jewellery Emporium.
 11408 | D:9      | Reached XP level 11. HP: 66/66 MP: 27/27
 11441 | D:9      | Found a sparkling altar of Nemelex Xobeh.
 11530 | D:10     | Entered Level 10 of the Dungeon
 11533 | D:10     | Reached skill level 5 in Dodging
 11566 | D:10     | Noticed a sixfirhy
 11914 | D:7      | Killed Jeremiah
 12489 | D:10     | Found Xashuedd's Book Shoppe.
 12496 | D:10     | Bought a book of Lightning for 468 gold pieces
 12502 | D:10     | Learned a level 5 spell: Arcjolt
 12509 | D:10     | Learned a level 6 spell: Plasma Beam
 12539 | D:10     | Killed a sixfirhy
 12540 | D:10     | Reached skill level 11 in Spellcasting
 12644 | D:10     | Noticed Harold
 12656 | D:10     | Killed Harold
 12657 | D:10     | Reached skill level 5 in Fire Magic
 12669 | D:10     | Noticed Snorg
 13781 | D:11     | Identified the +11 sling of Cobwebs {freeze, rPois rCorr
                  | Int+7}
 13840 | D:11     | Found a staircase to the Orcish Mines.
 13842 | D:11     | Offered knowledge of Searing Ray by Vehumet.
 13879 | D:11     | Reached *** piety under Vehumet
 14385 | D:11     | Offered knowledge of Flame Wave by Vehumet.
 14391 | D:11     | Learned a level 4 spell: Flame Wave
 14583 | D:11     | Found a staircase to the Lair.
 14759 | D:10     | Killed Snorg
 14913 | D:8      | Killed Amaemon
 14918 | D:8      | Reached XP level 12. HP: 72/72 MP: 21/29
 15137 | Orc:1    | Entered Level 1 of the Orcish Mines
 15244 | Orc:2    | Entered Level 2 of the Orcish Mines
 15250 | Orc:2    | Reached **** piety under Vehumet
 15361 | Orc:2    | Noticed a two-headed ogre
 15364 | Orc:2    | Killed a two-headed ogre
 15443 | Orc:2    | Offered knowledge of Brom's Barrelling Boulder by Vehumet.
 16027 | Orc:2    | Noticed an orc warlord
 16030 | Orc:2    | Killed an orc warlord
 16031 | Orc:2    | Reached skill level 12 in Spellcasting
 16246 | Orc:2    | Noticed an orc high priest
 16248 | Orc:2    | Killed an orc high priest
 16288 | Orc:2    | Reached ***** piety under Vehumet
 16333 | Orc:2    | Noticed an orc high priest
 16335 | Orc:2    | Killed an orc high priest
 16490 | Orc:2    | Offered knowledge of Bombard by Vehumet.
 16543 | Orc:2    | Found Lohax's Book Shoppe.
 16633 | Orc:2    | Noticed an orc high priest
 17410 | Orc:2    | Found a staircase to the Elven Halls.
 17464 | Orc:2    | Reached skill level 5 in Conjurations
 17668 | Orc:2    | Killed an orc high priest
 17796 | Orc:2    | Noticed an orc high priest
 17798 | Orc:2    | Killed an orc high priest
 17839 | Orc:2    | Reached skill level 1 in Evocations
 17853 | Orc:2    | Found Cakoming's Antique Weapon Boutique.
 17888 | Orc:2    | Reached XP level 13. HP: 78/78 MP: 31/31
 18419 | Orc:2    | Found Fishris's Magic Scroll Emporium.
 18424 | Orc:2    | Bought a scroll of fear for 64 gold pieces
 18424 | Orc:2    | Bought a scroll of identify for 32 gold pieces
 18424 | Orc:2    | Bought a scroll of identify for 32 gold pieces
 18424 | Orc:2    | Bought a scroll of teleportation for 48 gold pieces
 18491 | Orc:2    | Found Uscheimoo's Antique Weapon Shoppe.
 19142 | D:4      | Killed anacleto's ghost
 19499 | D:6      | Killed Sundig's ghost
 19732 | Lair:1   | Entered Level 1 of the Lair of Beasts
 19780 | Lair:1   | Reached skill level 13 in Spellcasting
 19780 | Lair:1   | Reached skill level 10 in Fire Magic
 20026 | Lair:1   | Offered knowledge of Fulminant Prism by Vehumet.
 21512 | Lair:2   | Found a hole to the Spider Nest.
 22193 | Lair:2   | Reached XP level 14. HP: 84/84 MP: 33/33
 22505 | Lair:2   | Found a staircase to the Swamp.
 22964 | Lair:3   | Reached skill level 5 in Evocations
 23908 | Lair:4   | Offered knowledge of Yara's Violent Unravelling by Vehumet.
 23960 | Lair:4   | Reached skill level 14 in Spellcasting
 24940 | Lair:4   | Learned a level 2 spell: Cigotuvi's Dreadful Rot
 24944 | Lair:5   | Entered Level 5 of the Lair of Beasts
 25054 | Lair:5   | Reached skill level 1 in Necromancy
 26519 | Lair:5   | Reached XP level 15. HP: 91/91 MP: 6/35
 26542 | Lair:5   | Offered knowledge of Eringya's Noxious Bog by Vehumet.
 26698 | Lair:5   | Found a staircase to the Slime Pits.
 26698 | Lair:5   | Found a viscous altar of Jiyva.
 28065 | D:12     | Found an ancient bone altar of Kikubaaqudgha.
 28193 | D:12     | Reached skill level 15 in Spellcasting
 28700 | D:13     | Identified the +5 chain mail of Xeimp {Int+9}
 28820 | D:13     | Noticed Rupert
 28822 | D:13     | Paralysed by Rupert for 4 turns
 28826 | D:13     | Killed Rupert
 29256 | D:13     | Noticed Urug
 29257 | D:13     | Killed Urug
 29264 | D:13     | Reached skill level 5 in Armour
 29838 | D:13     | Reached skill level 10 in Fighting
 29838 | D:13     | Reached skill level 5 in Necromancy
 30543 | D:14     | Found a runed translucent door.
 30594 | D:14     | Found a runed translucent door.
 30608 | D:14     | Found a runed translucent door.
 30620 | D:14     | Found a runed translucent door.
 30732 | D:14     | Found a gate to the Vaults.
 30909 | D:14     | Offered knowledge of Orb of Destruction by Vehumet.
 31959 | Swamp:1  | Entered Level 1 of the Swamp
 32247 | Swamp:1  | Reached XP level 16. HP: 97/97 MP: 37/37
 32385 | Swamp:1  | Identified a scroll of acquirement
 32402 | Swamp:1  | Acquired the amulet of the Rose {+Blink Regen+ Int+5
                  | Stlth-}
 32699 | Swamp:2  | Noticed Nikola
 32805 | Swamp:2  | Killed Nikola
 32806 | Swamp:2  | Reached skill level 10 in Dodging
 33159 | Swamp:2  | Noticed Louise
 33161 | Swamp:2  | Killed Louise
 33204 | Swamp:2  | Learned a level 2 spell: Blink
 33213 | Swamp:2  | Learned a level 8 spell: Ignition
 33308 | Swamp:2  | Identified the +0 morningstar "Yveagim" {heavy, Int+3}
 33325 | Swamp:2  | You fall into a shaft and drop 1 floor!
 33367 | Swamp:3  | Reached skill level 15 in Fire Magic
 33803 | Swamp:3  | Reached skill level 16 in Spellcasting
 34602 | Swamp:4  | Entered Level 4 of the Swamp
 34828 | Swamp:3  | Reached ****** piety under Vehumet
 34962 | Swamp:4  | Killed from afar by a will-o-the-wisp

Illustrated notes

Levels and vault maps discovered:
D:1:      noname_arrival_rooms_in_the_neighbourhood, layout_basic, serial_shops,
          shop, interstate_on_off, nicolae_shop_unique_rings,
          minmay_misc_feat_more_columns, minmay_large_rounded_square
D:2:      minmay_general_purpose_star, layout_loops_corners,
          grunt_decor_one_mirror, uniq_crazy_yiuf_cottage
D:3:      layout_rooms, hellmonk_ecumenical_altar_blasted
D:4:      layout_loops_corners, nicolae_overflows_in_rows,
          nicolae_ossuary_entry_plus, gammafunk_ghost_icy, uniq_edmund,
          uniq_grinder, uniq_duvessa
D:5:      layout_basic, tso_oasis_becter, serial_corexii_hall,
          chequers_hall_statues_wall_a, corexii_hall_statues_s,
          chequers_serial_rivers_small_b
D:6:      layout_cave_pools, general_overflow_altar,
          ebering_ghost_disaster_area, uniq_pikel
D:7:      layout_basic, minmay_temple_entry_gardened_gates, enter_bailey_4,
          reono_crystal_passage, nicolae_titane, uniq_jeremiah
D:8:      layout_rooms, uniq_prince_ribbit1, uniq_amaemon
D:9:      layout_cave_pools, zin_purify, lemuel_round_altar, serial_shops,
          nicolae_lakefront_shop
D:10:     layout_rooms, serial_demonic, serial_demonic_c, serial_demonic_f,
          serial_demonic_f, serial_demonic_a, serial_demonic_e, serial_shops,
          nicolae_shop_rolling_square, lemuel_flamethrower_1, uniq_harold,
          uniq_snorg
D:11:     layout_roguey, david_lair_generic, david_orc_5
D:12:     nicolae_BIG_FREAKIN_CUBE, layout_loops_cross,
          lemuel_zombie_altar_kikubaaqudgha
D:13:     minmay_polygon_palace, layout_loops_corners, serial_aquarium,
          aquarium_bridge_straight [aquarium_subvault_bridge,
          aquarium_subvault_wall, aquarium_subvault_bridge,
          aquarium_subvault_window], aquarium_window_corner,
          aquarium_window_fake, aquarium_window_3, aquarium_window_1,
          aquarium_view_4, aquarium_view_2d, aquarium_pool_1, uniq_rupert,
          uniq_urug
D:14:     layout_roguey, lightli_vaults_fourway_checkpoint,
          minmay_statue_crystal_thing
Temple:   hellmonk_temple_micro_hex
Lair:1:   layout_roguey, serial_bayou_pond_b, serial_bayou_shore_a,
          grunt_megastairs_5
Lair:2:   layout_chaotic_city, nicolae_swamp_entry_splash_gauntlet,
          spider_nest_entry_rubble, nzn_random_ring, lemuel_fruit_tree
Lair:3:   layout_regular_city, grunt_megastairs_4
Lair:4:   layout_gridlike, beast_lair_carwin_11, infiniplex_staircase_pool_2
Lair:5:   minmay_lair_end_frog_pond, layout_hall_layers,
          minmay_slime_entry_pillars, kennysheep_rathole
Swamp:1:  nicolae_swamp_ascending_descending, layout_basic_swamp,
          evilmike_swamp_ruin_house_5, infiniplex_staircase_pool,
          nicolae_swamp_decorative_isthmus
Swamp:2:  layout_falls_marsh, nicolae_swamp_round_clearing, uniq_louise,
          uniq_nikola
Swamp:3:  layout_falls_marsh, nicolae_swamp_triple_paths,
          nicolae_swamp_fairy_circle
Swamp:4:  swamp_pestilence, layout_basic_swamp
Orc:1:    layout_diamond_mine
Orc:2:    pubby_orc_utopia

Skill      XL: |  1  2  3  4  5  6  7  8  9 10 11 12 13 14 15 16 |
---------------+-------------------------------------------------+-----
Stealth        | 3 4 5 |  5.0
Fighting       | 1 2 3 4 5 6 7 8 9 10 | 10.7
Air Magic      | 4 5 6 8 10 11 12 13 14 | 14.0
Spellcasting   | 4 5 6 7 9 10 11 12 13 14 15 16 | 16.2
Dodging        | 4 6 7 8 9 10 | 10.6
Armour         | 2 4 5 6 |  6.5
Fire Magic     | 3 6 9 11 13 14 15 | 15.4
Conjurations   | 3 5 6 |  6.0
Evocations     | 1 4 6 8 |  8.7
Necromancy     | 3 5 7 |  7.0

Action                     |  1- 3 |  4- 6 |  7- 9 | 10-12 | 13-15 | 16-18 || total
---------------------------+-------+-------+-------+-------+-------+-------++-------
  Melee: Staff             |    11 |     6 |       |     7 |    17 |     2 ||    43
  Throw: Throwing net      |       |       |       |     2 |       |       ||     2
   Cast: Shock             |    57 |   149 |    89 |   221 |    11 |       ||   527
         Static Discharge  |     2 |    19 |    15 |    20 |    11 |       ||    67
         Airstrike         |       |       |    77 |   271 |   177 |    19 ||   544
         Swiftness         |       |       |     3 |     1 |       |     1 ||     5
         Ignite Poison     |       |       |       |     2 |       |       ||     2
         Mercury Vapours   |       |       |       |     1 |       |       ||     1
         Plasma Beam       |       |       |       |    64 |   329 |    85 ||   478
         Arcjolt           |       |       |       |       |       |     4 ||     4
         Blink             |       |       |       |       |       |     3 ||     3
         Flame Wave        |       |       |       |       |       |     2 ||     2
  Evoke: Wand              |       |       |     5 |       |       |       ||     5
    Use: Scroll            |       |     5 |     9 |     4 |    10 |     3 ||    31
         Potion            |       |       |     3 |     4 |     1 |       ||     8
 Armour: Robe              |    11 |    35 |    48 |       |       |       ||    94
         Troll leather arm |       |       |       |   103 |   147 |    57 ||   307
  Dodge: Dodged            |    13 |    22 |    20 |    63 |   136 |    60 ||   314

Table legend: (Time is in decaauts)
 A = Elapsed time spent in this place.
 B = Non-inter-level travel time spent in this place.
 C = Inter-level travel time spent in this place.
 D = Time resting spent in this place.
 E = Time spent auto-exploring this place.
 F = Levels seen in this place.
 G = Mean time per level.
                   A        B        C        D        E       F      G
               +--------+--------+--------+--------+--------+-----+--------+
         Total |  35215 |  32773 |   2442 |   3527 |  24979 |  28 | 1257.7 |
       Dungeon |  19456 |  18145 |   1311 |   1532 |  14104 |  14 | 1389.7 |
        Temple |     10 |      6 |      4 |      0 |      0 |   1 |   10.0 |
          Lair |   7665 |   6962 |    703 |    923 |   5366 |   5 | 1533.0 |
         Swamp |   3190 |   2844 |    346 |    719 |   1736 |   4 |  797.5 |
  Orcish Mines |   3814 |   3738 |     76 |    280 |   2993 |   2 | 1907.0 |
       Ossuary |    487 |    487 |      0 |      8 |    393 |   1 |  487.0 |
        Bailey |    591 |    591 |      0 |     65 |    386 |   1 |  591.0 |
               +--------+--------+--------+--------+--------+-----+--------+

Top non-repeatable levels by time:
   Orc:2: 3703 daAuts
  Lair:4: 2339 daAuts
     D:4: 2078 daAuts
  Lair:2: 1821 daAuts
    D:13: 1777 daAuts
    D:11: 1524 daAuts
     D:8: 1509 daAuts
     D:2: 1493 daAuts
     D:9: 1476 daAuts
    D:14: 1435 daAuts
     D:6: 1317 daAuts
     D:7: 1308 daAuts
  Lair:1: 1302 daAuts
    D:10: 1232 daAuts
     D:3: 1227 daAuts
